 Seeded DCSS version 0.26.1-10-gdfb7c7de75 (webtiles) character file.

Game seed: 13435453013147752700 (custom seed)

556 wilfster70 the Insei (level 7, -2/52 HPs)
             Began as a Gnoll Transmuter on Apr 10, 2021.
             Was an Initiate of Ashenzari.
             Succumbed to a killer bee's poison
             ... on level 4 of the Dungeon.
             The game lasted 00:08:31 (3991 turns).

wilfster70 the Insei (Gnoll Transmuter)             Turns: 3991, Time: 00:08:31

Health: -2/52      AC:  4    Str: 13    XL:     7   Next: 30%
Magic:  13/15      EV: 14    Int: 17    God:    Ashenzari [......]
Gold:   240        SH:  0    Dex: 15    Spells: 6/17 levels left

rFire    . . .     SeeInvis .     - Unarmed
rCold    . . .     Faith    .   (no shield)
rNeg     . . .     Spirit   .   c - +0 leather armour
rPois    .         Reflect  .   (helmet currently unavailable)
rElec    .         Harm     .   (no cloak)
rCorr    .         Rampage  .   (no gloves)
Will     .....                  (boots currently unavailable)
Stlth    ++........             (no amulet)
HPRegen  0.17/turn              (no ring)
MPRegen  0.14/turn              (no ring)

@: brilliant, lethally poisoned (-2 -> -36), appendages
A: distributed training, fangs 1, horns 2, talons 2, shaggy fur 1, MP-powered
wands, strong nose
a: End Transformation, Renounce Religion, Curse Item


You were on level 4 of the Dungeon.
You worshipped Ashenzari.
Ashenzari was noncommittal.
You had grown temporary horns.
You had grown temporary talons.
You visited 1 branch of the dungeon, and saw 4 of its levels.

You collected 240 gold pieces.

Inventory:

Missiles
 o - 24 poisoned darts
 p - 91 stones
Armour
 a - a +0 robe
 c - a +0 leather armour (worn)
Jewellery
 i - an uncursed ring of protection from fire
Wands
 u - a wand of random effects (13)
Scrolls
 b - 2 scrolls of teleportation {unknown}
 d - a scroll of fear {unknown}
 e - 3 scrolls of identify {unknown}
 f - a scroll of amnesia {unknown}
 g - a scroll of random uselessness {unknown}
 h - a scroll of enchant weapon {unknown}
 n - 2 scrolls of magic mapping {unknown}
 v - a scroll of blinking {unknown}
 w - 3 scrolls of remove curse
 x - a scroll of immolation {unknown}
Potions
 k - a potion of haste {unknown}
 l - 2 potions of might
 m - 3 potions of degeneration {unknown}
 q - a potion of lignification {unknown}
 r - a potion of cancellation {unknown}
 s - a potion of brilliance
 t - 2 potions of flight {unknown}


   Skills:
 + Level 3.5 Fighting
 + Level 2.4 Short Blades
 + Level 2.4 Long Blades
 + Level 2.4 Axes
 + Level 2.4 Maces & Flails
 + Level 2.4 Polearms
 + Level 2.4 Staves
 + Level 2.4 Slings
 + Level 2.4 Bows
 + Level 2.4 Crossbows
 + Level 2.4 Throwing
 + Level 2.4 Armour
 + Level 5.2 Dodging
 + Level 2.4 Stealth
 + Level 2.4 Shields
 + Level 7.0 Unarmed Combat
 + Level 5.6 Spellcasting
 + Level 2.0 Conjurations
 + Level 2.0 Hexes
 + Level 2.0 Summonings
 + Level 2.0 Necromancy
 + Level 2.0 Translocations
 + Level 4.3 Transmutations
 + Level 2.0 Fire Magic
 + Level 2.0 Ice Magic
 + Level 2.0 Air Magic
 + Level 2.0 Earth Magic
 + Level 2.0 Poison Magic
 + Level 2.6 Invocations
 + Level 2.4 Evocations


You had 6 spell levels left.
You knew the following spells:

 Your Spells              Type           Power        Failure   Level
a - Beastly Appendage     Tmut           58%          3%          1
b - Wereblood             Tmut           29%          4%          2
c - Blade Hands           Tmut           14%          63%         5
d - Mephitic Cloud        Conj/Pois/Air  17%          22%         3

Your spell library contained the following spells:

 Spells                   Type           Power        Failure   Level
 Magic Dart               Conj           68%          8%          1
 Blink                    Tloc           N/A          12%         2
 Call Imp                 Summ           17%          12%         2
 Slow                     Hex            17%          12%         2
 Spider Form              Tmut/Pois      11%          14%         3
 Conjure Flame            Conj/Fire      17%          22%         3
 Ice Form                 Ice/Tmut       23%          43%         4


Dungeon Overview and Level Annotations

Branches:
Dungeon (4/15)
 Temple: D:4-7

Altars:
Ashenzari
Nemelex Xobeh
Okawaru


Innate Abilities, Weirdness & Mutations

Your experience applies equally to all skills.
You have very sharp teeth.
Your uncanny sense of smell can sniff out nearby items.
You have a pair of horns on your head.
You have razor-sharp toenails.
You are covered in fur. (AC +1)
You expend magic power (3 MP) to strengthen your wands.


Message History

You are lethally poisoned!
The killer bee poisons you!
You miss the killer bee. Your headbutt misses the killer bee.
* * * LOW HITPOINT WARNING * * *
You feel sick. The killer bee stings you!
* * * LOW HITPOINT WARNING * * *
You are more poisoned.
The killer bee poisons you! The killer bee barely misses you.
Your magical contamination has completely faded away.
It was a potion of mutation.
You feel extremely strange. Fur sprouts all over your body.
You feel your magical essence link to the dungeon's wands.
* * * LOW HITPOINT WARNING * * *
You feel sick. The killer bee barely misses you. The killer bee stings you.
* * * LOW HITPOINT WARNING * * *
You are more poisoned.
The killer bee poisons you!
It was a potion of brilliance.
You feel clever all of a sudden.
You die...

.........#.. #..#
#.##.....#
########.### #..#
#.####...# #.#
#..###.## ##..##
#### #.#
##..##...####....
...# #.#
#......#..........
#### # ###
#...##...####.###.#
#8# #...###.## #.#
.# ##8... #.......#
##.... #.#@#####
#>.... #. #y#
##.... .##


#yyyy.yyy ##8... .8# ######### # ##8# # # # You could see 3 killer bees.

Vanquished Creatures
  An ogre (D:4)
  A scorpion (D:4)
  A centaur skeleton (D:4)
  4 orc priests (D:4)
  2 orc wizards
  A bullfrog skeleton (D:4)
  Ijyb (D:3)
  A hound skeleton (D:4)
  3 gnolls (D:3)
  6 adders
  2 worms
  2 dart slugs (D:2)
  2 leopard geckos
  4 orcs
  3 ball pythons
  3 giant cockroaches
  5 goblins
  3 hobgoblins
  6 jackals
  9 kobolds
  2 quokkas
  5 bats (D:2)
  5 frilled lizards
  7 rats
79 creatures vanquished.

Notes
Turn   | Place    | Note
-------+----------+-------------------------------------------
     0 | D:1      | wilfster70 the Gnoll Transmuter began the quest for the
                  | Orb.
     0 | D:1      | Reached XP level 1. HP: 17/17 MP: 6/6
    53 | D:1      | Found a broken altar of Ashenzari.
    84 | D:1      | Became a worshipper of Ashenzari the Shackled
   295 | D:1      | Reached XP level 2. HP: 23/23 MP: 7/7
   866 | D:2      | Reached XP level 3. HP: 28/28 MP: 9/9
   889 | D:2      | Reached skill level 5 in Spellcasting
  1393 | D:2      | Reached skill level 1 in Invocations
  1837 | D:2      | Reached skill level 1 in Short Blades
  1837 | D:2      | Reached skill level 1 in Long Blades
  1837 | D:2      | Reached skill level 1 in Axes
  1837 | D:2      | Reached skill level 1 in Maces & Flails
  1837 | D:2      | Reached skill level 1 in Polearms
  1837 | D:2      | Reached skill level 1 in Staves
  1837 | D:2      | Reached skill level 1 in Slings
  1837 | D:2      | Reached skill level 1 in Bows
  1837 | D:2      | Reached skill level 1 in Crossbows
  1837 | D:2      | Reached skill level 1 in Throwing
  1837 | D:2      | Reached skill level 1 in Armour
  1837 | D:2      | Reached skill level 1 in Stealth
  1837 | D:2      | Reached skill level 1 in Shields
  1837 | D:2      | Reached skill level 1 in Evocations
  1837 | D:2      | Reached XP level 4. HP: 34/34 MP: 9/11
  2082 | D:3      | Reached skill level 1 in Conjurations
  2082 | D:3      | Reached skill level 1 in Hexes
  2082 | D:3      | Reached skill level 1 in Summonings
  2082 | D:3      | Reached skill level 1 in Necromancy
  2082 | D:3      | Reached skill level 1 in Translocations
  2082 | D:3      | Reached skill level 1 in Fire Magic
  2082 | D:3      | Reached skill level 1 in Ice Magic
  2082 | D:3      | Reached skill level 1 in Air Magic
  2082 | D:3      | Reached skill level 1 in Earth Magic
  2082 | D:3      | Reached skill level 1 in Poison Magic
  2272 | D:3      | Reached XP level 5. HP: 32/40 MP: 12/12
  2335 | D:3      | Learned a level 2 spell: Wereblood
  2341 | D:3      | Learned a level 5 spell: Blade Hands
  2400 | D:3      | Found a sparkling altar of Nemelex Xobeh.
  2622 | D:3      | Learned a level 3 spell: Mephitic Cloud
  2677 | D:3      | Noticed Ijyb
  2692 | D:3      | Killed Ijyb
  3000 | D:4      | Found an iron altar of Okawaru.
  3004 | D:4      | Noticed an ogre
  3020 | D:4      | Reached XP level 6. HP: 30/47 MP: 10/13
  3029 | D:4      | Reached skill level 5 in Dodging
  3370 | D:4      | Reached XP level 7. HP: 23/52 MP: 12/15
  3375 | D:4      | Reached skill level 7 in Unarmed Combat
  3990 | D:4      | Gained mutation: You are covered in fur. (AC +1) [potion of
                  | mutation]
  3990 | D:4      | Gained mutation: You expend magic power (3 MP) to
                  | strengthen your wands. [potion of mutation]
  3990 | D:4      | HP: 1/52 [killer bee (4)]
  3991 | D:4      | Succumbed to a killer bee's poison

Illustrated notes

Levels and vault maps discovered:
D:1:      giann_forest_graveyard, layout_rooms, serial_curves, eino_curves_03,
          eino_curves_03, hangedman_abyss_or_decor_stabs,
          nicolae_ashenzari_panopticon
D:2:      layout_rooms
D:3:      layout_basic, chequers_decorated_corner, nemelex_spade_bored_becter,
          uniq_ijyb
D:4:      layout_loops_ring, nicolae_overflow_hidden_temple, okawaru_gym_becter

Skill      XL: |  1  2  3  4  5  6  7 |
---------------+----------------------+-----
Spellcasting   | 5 |  5.6
Invocations    | 1 2 |  2.6
Short Blades   | 1 2 |  2.4
Long Blades    | 1 2 |  2.4
Axes           | 1 2 |  2.4
Maces & Flails | 1 2 |  2.4
Polearms       | 1 2 |  2.4
Staves         | 1 2 |  2.4
Slings         | 1 2 |  2.4
Bows           | 1 2 |  2.4
Crossbows      | 1 2 |  2.4
Throwing       | 1 2 |  2.4
Armour         | 1 2 |  2.4
Stealth        | 1 2 |  2.4
Shields        | 1 2 |  2.4
Evocations     | 1 2 |  2.4
Conjurations   | 1 2 |  2.0
Hexes          | 1 2 |  2.0
Summonings     | 1 2 |  2.0
Necromancy     | 1 2 |  2.0
Translocations | 1 2 |  2.0
Fire Magic     | 1 2 |  2.0
Ice Magic      | 1 2 |  2.0
Air Magic      | 1 2 |  2.0
Earth Magic    | 1 2 |  2.0
Poison Magic   | 1 2 |  2.0
Fighting       | 3 |  3.5
Transmutations | 4 |  4.3
Dodging        | 5 |  5.2
Unarmed Combat | 7 |  7.0

Action                   |  1- 3 |  4- 6 |  7- 9 || total
-------------------------+-------+-------+-------++-------
Melee: Unarmed           |    90 |   116 |    35 ||   241
       Bite              |    10 |     8 |     7 ||    25
       Kick              |     4 |    15 |     6 ||    25
       Punch             |     2 |     3 |     4 ||     9
       Headbutt          |     1 |     7 |     2 ||    10
 Cast: Beastly Appendage |     5 |     6 |     3 ||    14
       Wereblood         |       |     5 |       ||     5
  Use: Potion            |       |       |     2 ||     2
 Stab: Sleeping          |       |     3 |     4 ||     7
Armor: Leather armour    |    19 |    19 |     6 ||    44
Dodge: Dodged            |    63 |   102 |    27 ||   192
